AoeStats
← DJstapie

Golden Pit

509433979Analyzed
1v1 RM · 5d ago on Sep 26, 2026· 37m 23s· 2 players
Game mode
Random Map
Map size
Tiny (2 player)
Population
200
Speed
Normal
Resources
Standard
Victory
Conquest
Starting age
Dark Age
Ending age
Imperial Age
RankedLock teamsTeams togetherTeam positionsShared explorationLock speedFull tech treeHidden civsTurbo modeCheats
Victory
Defeat
🇬🇧 Spanish · United Kingdom
526
+13
🇰🇷 Varangians · South Korea
453
-13
warkillking
0:53 Loom
15:56 Feudal Age
17:36 Wheelbarrow
16:46 Town Watch
18:04 Double-Bit Axe
18:02 Horse Collar
19:02 Gold Mining
19:03 Stone Mining
24:11 Castle Age
24:58 Forging
24:49 Scale Mail Armor
26:38 Hand Cart
26:45 Gambesons
27:01 Squires
26:46 Arson
28:42 Gambesons
28:58 Squires
28:44 Arson
30:48 Bow Saw
DJstapie
4:35 Loom
11:43 Feudal Age
12:56 Double-Bit Axe
14:46 Horse Collar
17:52 Wheelbarrow
22:42 Castle Age
22:56 Forging
22:52 Scale Barding Armor
22:52 Padded Archer Armor
22:44 Fletching
23:26 Stone Mining
24:23 Gold Mining
30:40 Town Watch
31:23 Bow Saw
33:42 Hand Cart
35:02 Bodkin Arrow
35:23 Leather Archer Armor
Connection lost

Rejoining the realm…

Still unreachable

The connection could not be restored.

Session expired

The server has moved on; the page needs a fresh start.